 Dungeon Crawl Stone Soup version 0.28-a0-440-ge3cd3e9c68 (webtiles) character file.

Game seed: 1111525910690990526

11386 senseless the Destroyer (level 11, -1/86 HPs)
             Began as a Pale Draconian Conjurer on Sept 10, 2021.
             Was a High Priest of Qazlal.
             Slain by nago's ghost (5 damage)
             ... on level 8 of the Dungeon on Sept 11, 2021.
             The game lasted 00:51:42 (13258 turns).

senseless the Destroyer (Pale Draconian Conjurer)  Turns: 13258, Time: 00:51:43

Health: -1/86      AC: 15    Str:  9    XL:     11   Next: 48%
Magic:  21/23      EV: 17    Int: 26    God:    Qazlal [*****.]
Gold:   290        SH: 11    Dex: 10    Spells: 18/26 levels left

rFire   . . .      SeeInvis +   b - staff of air
rCold   . . .      Faith    .   (no shield)
rNeg    . . .      Spirit   .   (armour unavailable)
rPois   .          Reflect  +   x - +2 hat {SInv}
rElec   +          Harm     .   p - +2 cloak
rCorr   .          Rampage  .   (no gloves)
Will    .....                   (no boots)
Stlth   +.........              s - amulet "Ijoebap" {Reflect Regen+ Int+4 SH+5}
HPRegen 1.24/turn               c - ring of flight
MPRegen 0.18/turn               w - +4 ring of evasion

@: protected from physical damage, flying, repel missiles
A: breathe steam, AC +7, unfitting armour, cold-blooded, steam resistance
a: Breathe Steam, Renounce Religion, Upheaval, Elemental Force, Disaster Area


You were on level 8 of the Dungeon.
You worshipped Qazlal.
Qazlal was extremely pleased with you.
You visited 1 branch of the dungeon, and saw 8 of its levels.
You also visited: Bailey.

You collected 444 gold pieces.
You spent 154 gold pieces at shops.

Inventory:

Hand Weapons
 a - a +5 quarterstaff of chaos
 g - a +2 short sword of protection
 m - a +2 whip of freezing
Missiles
 i - 10 poisoned darts
 o - 5 atropa-tipped darts
Armour
 p - a +2 cloak (worn)
 x - a +2 hat of see invisible (worn)
Magical Staves
 b - a staff of air (weapon)
Jewellery
 c - a ring of flight (left hand)
 l - a +4 ring of slaying
 r - the ring of Paklas {Fly rN++ Int-5 Dex+2}
   (You took it off an orc warrior in a bailey)

   [ring of flight]

   Int:       It affects your intelligence (-5).
   Dex:       It affects your dexterity (+2).
   rN:        It greatly protects you from negative energy.
   Fly:       It grants you flight.
 s - the amulet "Ijoebap" (around neck) {Reflect Regen+ Int+4 SH+5}
   (You found it on level 4 of the Dungeon)

   [amulet of reflection]

   It reflects blocked missile attacks.
   Int:       It affects your intelligence (+4).
   Regen:     It increases your rate of health regeneration.
   SH:        It affects your SH (+5).
 t - an amulet of reflection
 w - a +4 ring of evasion (right hand)
Wands
 j - a wand of flame (60)
 k - a wand of digging (10)
Scrolls
 d - a scroll of teleportation
 h - a scroll of fog
 n - a scroll of identify
 q - a scroll of holy word
 u - a scroll of magic mapping
Potions
 e - 5 potions of curing
 f - 2 potions of flight
 v - 2 potions of haste


   Skills:
 + Level 5.0 Fighting
 + Level 2.6 Short Blades
 + Level 6.6 Staves
 + Level 4.6 Dodging
 + Level 3.8 Stealth
 + Level 4.8 Shields
 + Level 8.1 Spellcasting
 + Level 9.4 Conjurations
 * Level 4.6 Air Magic
 * Level 6.5 Invocations


You had 18 spell levels left.
You knew the following spells:

 Your Spells              Type           Power      Damage    Failure   Level
a - Magic Dart            Conj           100%       1d8       1%          1
b - Searing Ray           Conj           100%       2d8       1%          2
c - Lightning Bolt        Conj/Air       31%        1d48      9%          5

Your spell library contained the following spells:

 Spells                   Type           Power      Damage    Failure   Level
 Dazzling Flash           Conj/Hex       70%        N/A       2%          3
 Corpse Rot               Necr/Air       N/A        N/A       3%          2
 Poisonous Vapours        Pois/Air       68%        N/A       3%          2
 Animate Skeleton         Necr           20%        N/A       5%          1
 Pain                     Necr           40%        1d6       5%          1
 Sting                    Tmut/Pois      40%        1d5       5%          1
 Fulminant Prism          Conj/Hex       17%        3d11      8%          4
 Iskenderun's Mystic Bla  Conj/Tloc      35%        2d8       8%          4
 Slow                     Hex            10%        N/A       9%          2
 Confusing Touch          Hex            10%        N/A       17%         3
 Ignite Poison            Fire/Tmut/Pois 10%        N/A       17%         3
 Tukima's Dance           Hex            10%        N/A       17%         3
 Vampiric Draining        Necr           5%         2d6       17%         3
 Olgreb's Toxic Radiance  Pois           10%        N/A       50%         4
 Passage of Golubria      Tloc           N/A        N/A       50%         4
 Silence                  Hex/Air        17%        N/A       52%         5
 Starburst                Conj/Fire      17%        6d6       77%         6
 Yara's Violent Unravell  Hex/Tmut       5%         3d4       83%         5
 Lehudib's Crystal Spear  Conj/Erth      17%        10d5      100%        8


Dungeon Overview and Level Annotations

Branches:
Dungeon (8/15)             Temple (0/1) D:7          Bailey (visited)
   Lair: D:8-11

Altars:
Qazlal
Ru
Beogh

Shops:
D:1 (=?   D:4 *   D:5 [   D:6 *

Annotations:
D:8 nago's ghost, novice DjCA


Innate Abilities, Weirdness & Mutations

You can breathe blasts of scalding, opaque steam.
Your pale cyan-grey scales are hard. (AC +7)
You cannot fit into any form of body armour.
You are cold-blooded and may be slowed by cold attacks.
You are immune to the effects of steam.


Message History

Item here: a pair of embroidered boots.
The floor.
Unknown command.
You reach down and open the gate.
Nago's ghost points at you and mumbles some strange words.
You fall asleep.
The orc is engulfed in freezing vapours.
You kill the orc!
Qazlal accepts your kill. Nago's ghost misses you. Nago's ghost hits you!!!
You wake up.
You feel protected from physical attacks.
The orc warrior is engulfed in freezing vapours.
The orc warrior is engulfed in blazing flames.
The orc priest mumbles some strange prayers to Beogh against you.
Beogh smites you!
The orc priest calls upon Beogh to heal the orc warrior.
The orc warrior is healed somewhat.
Nago's ghost whispers, "The ORB doesn't exist."
Nago's ghost gestures at you while chanting.
You resist with significant effort.
There is a stone staircase leading up, spattered with blood here.
Things that are here:
a +0 leather armour; a +0 club Cast which spell? (? or * to list)
Aiming: Searing Ray (safe; 1% risk of failure)
Press: ? - help, Shift-Dir - straight line, f - nago's ghost
Aim: nago's ghost, wielding a weapon of electrocution (72% to hit)
The searing ray hits nago's ghost but does no damage.
The searing ray misses the orc warrior. (Press . to maintain the ray.) Nago's ghost casts a spell at you.
You fall asleep.
Your protection from physical attacks is fading.
Nago's ghost hits you!!!
You wake up.
Ouch! That really hurt!
* * * LOW HITPOINT WARNING * * *
You feel more protected from physical attacks.
Nago's ghost hits you.
You die...

##### ##...##
###############○)§°.#
.........o.ooooW@...###########
####.####o8########.......Z...#
####.# #..#.....8###########.#
.....# #o.#..##.. #.# .....#
#o.#..#8.. #.# .###.#
#.o#.o##.. #.#
.###.####.o#.#.... #)#
.#.†...##.)'o#.... #.#
.#.###.##..'.#.8._ #.#


You could see 2 orc warriors, an orc priest, nago's ghost and 3 orcs.

Vanquished Creatures
  Gastronok (D:8)
  A hydra (D:8)
  Erica (D:8)
  An orc knight (Bailey)
  Pikel (D:4)
  Joseph (D:8)
  2 dream sheep (D:8)
  Sigmund (D:3)
  6 yaks (D:8)
  A steam dragon (D:8)
  Menkaure (D:6)
  An acid dragon (D:8)
  2 water moccasins
  Duvessa (D:7)
  13 orc warriors
  An ice beast (D:5)
  2 sky beasts
  3 black bears
  2 ogres
  2 necrophages
  A tengu (D:6)
  A phantom (D:4)
  2 centaurs (D:6)
  2 lemures (D:4)
  4 bullfrogs
  3 kobold brigands (D:8)
  3 scorpions
  2 gnoll sergeants (D:6)
  A wyvern zombie (D:6)
  Dowan (D:7)
  5 wights (D:8)
  4 electric eels (D:6)
  A howler monkey (D:8)
  9 hounds
  A jelly (D:7)
  A bullfrog skeleton (D:6)
  4 gnoll shamans
  7 orc priests
  Crazy Yiuf (D:3)
  3 iguanas
  9 orc wizards
  Natasha (thrice) (D:3)
  2 hound skeletons (D:4)
  23 gnolls
  8 adders
  A white imp (D:5)
  An adder skeleton (D:4)
  2 dart slugs
  42 orcs
  3 ball pythons
  4 endoplasms
  2 giant cockroaches
  20 goblins
  11 hobgoblins
  11 kobolds
  6 quokkas
  2 bats (D:6)
  5 frilled lizards (D:5)
  5 rats
260 creatures vanquished.

Vanquished Creatures (others)
  152 plants
152 creatures vanquished.

Grand Total: 412 creatures vanquished

Notes
Turn   | Place    | Note
-------+----------+-------------------------------------------
     0 | D:1      | senseless the Draconian Conjurer began the quest for the
                  | Orb.
     0 | D:1      | Reached XP level 1. HP: 14/14 MP: 3/3
   121 | D:1      | Found a faded altar of an unknown god.
   130 | D:1      | Became a worshipper of Qazlal Stormbringer
   130 | D:1      | Reached * piety under Qazlal
   230 | D:1      | Found Nauxzul's Jewellery Shop.
   269 | D:1      | Reached XP level 2. HP: 20/20 MP: 1/5
   272 | D:1      | Learned a level 2 spell: Searing Ray
   452 | D:1      | Found Ezeseix's Magic Scroll Shoppe.
   567 | D:1      | Found Ovvusown's Weapon Shoppe.
   934 | D:2      | Reached XP level 3. HP: 26/26 MP: 1/6
  1204 | D:2      | Reached skill level 5 in Conjurations
  1517 | D:2      | Reached XP level 4. HP: 33/33 MP: 4/7
  1672 | D:3      | Reached ** piety under Qazlal
  2079 | D:3      | Noticed Natasha
  2084 | D:3      | Killed Natasha
  2116 | D:3      | Noticed Natasha
  2121 | D:3      | Killed Natasha
  2413 | D:3      | Found a runed translucent door.
  2414 | D:3      | Noticed Crazy Yiuf
  2560 | D:3      | Noticed Natasha
  2576 | D:3      | Killed Natasha
  2577 | D:3      | Reached XP level 5. HP: 21/38 MP: 2/9
  2828 | D:3      | Noticed an ogre
  2832 | D:3      | Killed an ogre
  2833 | D:3      | Reached XP level 6. HP: 46/46 MP: 5/11
  2972 | D:3      | Reached skill level 6 in Conjurations
  3066 | D:3      | Reached skill level 1 in Short Blades
  3344 | D:3      | Noticed Sigmund
  3352 | D:3      | Killed Sigmund
  3353 | D:3      | Your scales start taking on a pale cyan-grey colour.
  3353 | D:3      | Reached XP level 7. HP: 47/51 MP: 3/13
  3353 | D:3      | Gained mutation: You are immune to the effects of steam.
                  | [Pale Draconian growth]
  3578 | D:3      | Killed Crazy Yiuf
  3794 | D:4      | Found Boaxti's General Store.
  3930 | D:4      | Identified the amulet "Ijoebap" {Reflect Regen+ Int+4 SH+5}
  4029 | D:4      | Reached skill level 1 in Fighting
  4106 | D:4      | Reached skill level 1 in Staves
  4167 | D:4      | Noticed Pikel
  4174 | D:4      | Killed Pikel
  4175 | D:4      | Reached skill level 1 in Shields
  4175 | D:4      | Reached skill level 5 in Spellcasting
  4175 | D:4      | Reached XP level 8. HP: 62/62 MP: 0/15
  4930 | D:4      | Reached *** piety under Qazlal
  5356 | D:5      | Entered Level 5 of the Dungeon
  5457 | D:5      | Reached skill level 7 in Conjurations
  5457 | D:5      | Reached skill level 1 in Invocations
  6155 | D:5      | Found Niuch's Armour Boutique.
  6168 | D:5      | Reached XP level 9. HP: 69/69 MP: 15/17
  6821 | D:6      | Reached skill level 5 in Staves
  6942 | D:6      | Found a sacrificial altar of Ru.
  7291 | D:6      | Found Teunedeps's General Store.
  7294 | D:6      | Bought a book of Vapours for 132 gold pieces
  7294 | D:6      | Bought a scroll of identify for 22 gold pieces
  7306 | D:6      | Noticed Menkaure
  7311 | D:6      | Killed Menkaure
  7360 | D:6      | Noticed Maggie
  7515 | D:6      | Reached **** piety under Qazlal
  7762 | D:6      | Noticed Maggie
  7762 | D:6      | Maggie changed into Maggie the tengu
  7796 | D:6      | Killed Maggie the tengu
  7998 | D:6      | Reached skill level 8 in Conjurations
  8486 | D:6      | Got the Guide on Harmful Venom
  8493 | D:6      | Learned a level 5 spell: Lightning Bolt
  8636 | D:6      | Reached XP level 10. HP: 54/78 MP: 20/20
  9308 | D:7      | Noticed Duvessa
  9313 | D:7      | Noticed Dowan
  9320 | D:7      | Killed Dowan
  9325 | D:7      | Killed Duvessa
  9459 | D:7      | Identified the +0 leather armour "Giph" {rC+}
  9497 | D:7      | Found a staircase to the Ecumenical Temple.
  9657 | D:7      | Reached skill level 1 in Air Magic
  9725 | D:7      | Found a flagged portal.
  9733 | Bailey   | Entered a bailey
 10515 | Bailey   | Reached skill level 5 in Invocations
 10589 | Bailey   | Noticed an orc knight
 10740 | Bailey   | Killed an orc knight
 10740 | Bailey   | Reached ***** piety under Qazlal
 10896 | Bailey   | Identified the ring of Paklas {Fly rN++ Int-5 Dex+2}
 11629 | D:8      | Found a runed translucent gate.
 11630 | D:8      | Found a runed translucent gate.
 11631 | D:8      | Found a runed translucent gate.
 11631 | D:8      | Identified the +0 chain mail of Insurance {-Tele rPois rC+}
 11635 | D:8      | Noticed nago's ghost (novice DjCA)
 11716 | D:8      | Noticed Gastronok
 11738 | D:8      | Killed Gastronok
 11739 | D:8      | Reached skill level 9 in Conjurations
 11739 | D:8      | Reached XP level 11. HP: 55/85 MP: 2/22
 11986 | D:8      | Noticed Erica
 12054 | D:8      | Noticed Joseph
 12065 | D:8      | Killed Joseph
 12350 | D:8      | Killed Erica
 12662 | D:8      | Noticed a three-headed hydra
 12663 | D:8      | Reached skill level 5 in Fighting
 12900 | D:8      | Killed a three-headed hydra
 13238 | D:8      | Upgraded the game from 0.28-a0-429-g1448048969 to
                  | 0.28-a0-440-ge3cd3e9c68
 13257 | D:8      | HP: 3/86 [nago's ghost (45)]
 13258 | D:8      | Slain by nago's ghost

Illustrated notes

Levels and vault maps discovered:
D:1:      shiori_arrival_oz, layout_rooms, basic_ecumenical_altar, serial_shops,
          nicolae_square_shop, nicolae_shop_window_shopping, shop
D:2:      layout_rooms, grunt_decor_junction
D:3:      layout_rooms, columned_hall_lemuel, kennysheep_another_room,
          minmay_misc_feat_room, kennysheep_cross_room, minmay_ogre_servants,
          uniq_crazy_yiuf_cottage, uniq_sigmund, uniq_natasha
D:4:      minmay_chambers_of_fours, layout_loops_corners, serial_shops,
          nicolae_shop_trees, uniq_pikel
D:5:      layout_basic, minmay_misc_feat_square, moated_statue,
          nicolae_wooded_promenade, dk_noncrumbling_3, chequers_big_river,
          minmay_lizard_king
D:6:      kennysheep_housing_project, layout_loops_ring,
          nicolae_ru_great_annihilating_truth, serial_bayou,
          serial_bayou_pond_a, serial_bayou_pond_d, serial_bayou_ford_a,
          serial_bayou_lake_a, serial_bayou_lagoon_a, serial_bayou_pond_b,
          serial_shops, nicolae_shop_window_shopping,
          minmay_fractal_squares_gapless_5, uniq_menkaure, uniq_maggie
D:7:      layout_basic, minmay_temple_entry_purple_smoke, enter_bailey_5,
          uniq_duvessa
D:8:      layout_loops_ring, biasface_ghost_orc_armoury, hangedman_ranch,
          uniq_joseph, uniq_gastronok, uniq_erica

Skill      XL: |  1  2  3  4  5  6  7  8  9 10 11 |
---------------+----------------------------------+-----
Stealth        | 2 3 |  3.8
Dodging        | 2 3 4 |  4.6
Conjurations   | 5 6 7 8 9 |  9.4
Spellcasting   | 3 4 5 6 7 8 |  8.1
Short Blades   | 1 2 |  2.6
Fighting       | 2 3 4 5 |  5.0
Staves         | 3 4 5 6 |  6.6
Shields        | 1 3 4 |  4.8
Invocations    | 2 4 6 |  6.5
Air Magic      | 3 4 |  4.6

Action                   |  1- 3 |  4- 6 |  7- 9 | 10-12 || total
-------------------------+-------+-------+-------+-------++-------
Melee: Short sword       |    14 |    22 |       |       ||    36
       Tailslap          |       |     2 |     4 |     2 ||     8
       Quarterstaff      |       |       |   107 |    30 ||   137
 Cast: Magic Dart        |    61 |    60 |   271 |   200 ||   592
       Searing Ray       |     2 |     8 |    28 |    33 ||    71
       Lightning Bolt    |       |       |       |    20 ||    20
 Abil: Breathe Steam     |       |       |       |     1 ||     1
  Use: Scroll            |       |       |    11 |     6 ||    17
       Potion            |       |       |       |     6 ||     6
Armor: Skin              |     4 |    10 |    50 |    20 ||    84
Dodge: Dodged            |    12 |    12 |    81 |    95 ||   200
       Repelled          |       |       |     3 |     2 ||     5
Block: Other             |     3 |     1 |    78 |    77 ||   159
       Reflection        |       |       |     5 |    29 ||    34

Table legend: (Time is in decaauts)
 A = Elapsed time spent in this place.
 B = Non-inter-level travel time spent in this place.
 C = Inter-level travel time spent in this place.
 D = Time resting spent in this place.
 E = Time spent auto-exploring this place.
 F = Levels seen in this place.
 G = Mean time per level.
                   A        B        C        D        E       F      G
               +--------+--------+--------+--------+--------+-----+--------+
         Total |  13316 |  12941 |    375 |   1409 |   9543 |   9 | 1479.6 |
       Dungeon |  12068 |  11693 |    375 |   1327 |   8704 |   8 | 1508.5 |
        Bailey |   1247 |   1247 |      0 |     82 |    839 |   1 | 1247.0 |
               +--------+--------+--------+--------+--------+-----+--------+

Top non-repeatable levels by time:
     D:6: 2650 daAuts
     D:8: 1623 daAuts
     D:4: 1570 daAuts
     D:3: 1543 daAuts
     D:2: 1538 daAuts
     D:5: 1298 daAuts
  Bailey: 1247 daAuts
     D:7: 1127 daAuts
     D:1: 716 daAuts
